AoeStats
← Iguano Pop

Golden Pit

507222132Analyzed
1v1 RM · 15d ago on Sep 17, 2026· 33m 51s· 2 players
Game mode
Random Map
Map size
Tiny (2 player)
Population
200
Speed
Normal
Resources
Standard
Victory
Conquest
Starting age
Dark Age
Ending age
Imperial Age
RankedLock teamsTeams togetherTeam positionsShared explorationLock speedFull tech treeHidden civsTurbo modeCheats
Victory
Defeat
🇲🇽 Bengalis · Mexico
1307
+12
🇺🇸 Saracens · United States
1226
-12
vijayanandsmail
6:15 Loom
9:09 Feudal Age
9:45 Double-Bit Axe
10:07 Horse Collar
14:48 Fletching
24:56 Castle Age
23:39 Gold Mining
23:39 Stone Mining
24:28 Padded Archer Armor
25:02 Crossbowman
26:24 Bodkin Arrow
Iguano Pop
6:56 Loom
9:28 Feudal Age
10:38 Double-Bit Axe
17:51 Fletching
18:48 Padded Archer Armor
20:39 Town Watch
24:30 Wheelbarrow
23:54 Gold Mining
27:08 Castle Age
27:10 Crossbowman
27:47 Bodkin Arrow
30:51 Ballistics
Connection lost

Rejoining the realm…

Still unreachable

The connection could not be restored.

Session expired

The server has moved on; the page needs a fresh start.